 Dungeon Crawl Stone Soup version 0.18-a0-25-g5abf10f (webtiles) character file.

90593 Demise101 the Executioner (level 15, -57/141 HPs)
             Began as a Minotaur Berserker on Nov 3, 2015.
             Was a High Priest of Trog.
             Killed by Shatter
             ... invoked by Jorgrun
              (77 damage)
             ... on level 2 of the Swamp.
             The game lasted 00:19:11 (22601 turns).

Demise101 the Executioner (Minotaur Berserker)     Turns: 22601, Time: 00:19:11

Health: -57/141    AC: 31    Str: 24    XL:     15   Next: 52%
Magic:  14/14      EV:  2    Int:  4    God:    Trog [*****.]
Gold:   1635       SH:  0    Dex: 14    Spells: 0 memorised, 14 levels left

rFire  + . .     SeeInvis .     b - +1 executioner's axe (flame)
rCold  + . .     Clarity  .     w - +3 plate armour {rC+}
rNeg   + + +     SustAt   .     (shield currently unavailable)
rPois  ∞         Gourm    .     (helmet restricted)
rElec  .         Spirit   .     J - +2 cloak
rCorr  .         Warding  .     i - +2 pair of gloves
rMut   .         Stasis   .     (no boots)
MR     +....                    v - amulet of faith
Stlth  ..........               q - +4 ring of protection
                                l - ring of protection from fire

@: petrified, somewhat resistant to hostile enchantments, extremely unstealthy
A: retaliatory headbutt, horns 2
a: Berserk, Trog's Hand, Brothers in Arms, Burn Spellbooks, Renounce Religion


You were on level 2 of the Swamp.
You worshipped Trog.
Trog was extremely pleased with you.
You were not hungry.

You visited 3 branches of the dungeon, and saw 25 of its levels.

You collected 1635 gold pieces.

Inventory:

Hand Weapons
 a - a +6 hand axe of electrocution
 b - a +1 executioner's axe of flaming (weapon)
 h - a +3 antimagic executioner's axe
Armour
 i - a +2 pair of gloves (worn)
 w - a +3 plate armour of cold resistance (worn)
 J - a +2 cloak (worn)
Jewellery
 k - an uncursed ring of ice
 l - a ring of protection from fire (left hand)
 q - a +4 ring of protection (right hand)
 v - an amulet of faith (around neck)
Wands
 D - a wand of disintegration (7)
 F - a wand of teleportation (9)
 G - a wand of fire (7)
 L - a wand of draining (8)
 O - a wand of disintegration (16)
 Q - a wand of heal wounds (6)
 W - a wand of disintegration (17)
Scrolls
 c - a scroll of holy word
 m - a scroll of blinking
 o - 6 scrolls of remove curse
 r - 3 scrolls of magic mapping
 s - 3 scrolls of fog
 z - 6 scrolls of identify
 C - a scroll of summoning
 E - 9 scrolls of teleportation
Potions
 d - 5 potions of invisibility
 e - 7 potions of brilliance
 f - 4 potions of resistance
 g - 2 potions of agility
 j - 7 potions of haste
 p - 3 potions of might
 x - 15 potions of curing
 A - 2 potions of berserk rage
 B - 2 potions of ambrosia
 I - 2 potions of poison {!q}
 M - 2 potions of heal wounds {unknown}
 P - a potion of beneficial mutation {unknown}
 R - 7 potions of lignification
 U - 2 potions of magic {unknown}
 V - 2 potions of flight {unknown}
 Y - a potion of cancellation {unknown}
Books
 n - a book of Enchantments

   Spells                             Type                      Level
   a - Cause Fear                     Hexes                        4
   b - Silence                        Hexes/Air                    5
   c - Deflect Missiles               Charms/Air                   6
   d - Haste                          Charms                       6
   e - Discord                        Hexes                        8
   Trog disapproves of the use of such an item.
 S - a Grand Grimoire

   Spells                             Type                      Level
   a - Monstrous Menagerie            Summoning                    6
   b - Summon Greater Demon           Summoning                    7
   c - Malign Gateway                 Summoning/Translocation      7
   d - Summon Horrible Things         Summoning                    8
   Trog disapproves of the use of such an item.
Comestibles
 t - 9 beef jerkies
 u - 2 slices of pizza
 y - 22 fruits
 H - 14 meat rations
 T - 9 royal jellies


   Skills:
 + Level 15.3 Fighting
 * Level 21.7 Axes
 + Level 14.8 Armour
 + Level 9.0 Dodging


You had 14 spell levels left.
You didn't know any spells.

Dungeon Overview and Level Annotations

Branches:
Dungeon (15/15)            Temple (0/1) D:4            Lair (8/8) D:11
  Swamp (2/4) Lair:3        Snake (0/4) Lair:3        Slime (0/6) Lair:7
    Orc (0/4) D:10         Vaults (0/5) D:14         Depths (0/5) D:15

Altars:
Ashenzari
Fedhas
Nemelex Xobeh
Qazlal
Ru
Sif Muna
Vehumet
Zin
The Shining One
Beogh
Jiyva

Shops:
D:9 (

Annotations:
Swamp:2 Jorgrun


Innate Abilities, Weirdness & Mutations

You reflexively headbutt those who attack you in melee.
You have a pair of horns on your head.


Message History

* * * LOW HITPOINT WARNING * * *
Your ogre hits the large slime creature with a giant club!!!
The alligator bites you but does no damage.
The alligator tail-slaps you but does no damage.
The large slime creature hits you!
* * * LOW HITPOINT WARNING * * *
The large slime creature hits you.
* * * LOW HITPOINT WARNING * * *
Your ogre barely misses the large slime creature.
The slime creature hits you but does no damage.
The alligator bites you!
* * * LOW HITPOINT WARNING * * *
The alligator tail-slaps you but does no damage.
The slime creature hits you but does no damage.
The large slime creature hits you but does no damage.
Jorgrun mumbles some strange words.
The dungeon rumbles around Jorgrun!
You shudder from the earth-shattering force.
Ouch! That really hurt!
You die...

≈≈≈.♣ ♣≈≈ ≈≈§..♣
§≈ . ≈≈≈≈≈≈
..♣.♣ ≈≈§≈$.♣
♣..≈≈≈ ≈≈≈..≈≈
♣..≈≈.≈
.≈≈§≈≈.♣♣≈≈≈≈≈≈≈
≈≈..≈≈.J♣.≈.≈≈.≈
≈.≈g≈≈J@JO≈≈≈≈.≈
..≈.≈≈tJ♣≈≈≈≈...
≈♣......≈..≈♣.≈≈
≈≈.≈.≈≈≈≈≈≈≈.≈ ≈
≈≈≈≈.≈≈≈≈≈≈.≈≈≈.
≈≈.≈..≈≈≈≈≈.≈≈≈≈
≈≈.≈≈.≈..≈≈..♣≈.
≈≈..≈≈≈♣..≈≈....


You could see Jorgrun, an alligator, 2 large slime creatures, 2 slime creatures
and a friendly ogre (berserk).

Vanquished Creatures
  Frances (D:13)
  A fire giant (D:14)
  Nessos (Lair:7)
  Snorg (Lair:7)
  An ogre mage (D:14)
  5 centaur warriors
  Erolcha (D:10)
  3 hydras
  Erica (D:8)
  A catoblepas (Lair:8)
  A queen ant (Lair:5)
  A deep troll earth mage (D:14)
  6 death yaks
  Urug (D:11)
  4 skeletal warriors
  2 slime creatures (D:13)
  A wizard (D:15)
  A deep elf knight (D:14)
  2 unseen horrors
  A giant orange brain (D:14)
  A necromancer (D:15)
  An orc knight (D:14)
  7 hill giants
  A deep elf conjurer (D:15)
  3 orc sorcerers (D:15)
  2 ugly things
  A phantasmal warrior (D:14)
  6 griffons
  4 cyclopes
  3 manticores
  15 black mambas
  3 centaur zombies
  3 gargoyles
  5 spiny frogs
  8 centaur skeletons
  A torpor snail (Lair:5)
  11 komodo dragons
  3 kobold demonologists
  A komodo dragon (shapeshifter) (D:14)
  3 fire drakes
  9 trolls
  3 giant leeches
  2 two-headed ogres
  A harpy skeleton (D:13)
  A hornet zombie (D:13)
  24 blink frogs
  Sigmund (D:3)
  A shadow (D:14)
  A trapdoor spider (D:13)
  A centaur simulacrum (D:14)
  A deep elf mage (D:13)
  A wraith (D:12)
  13 hippogriffs
  A vampire (D:14)
  5 wyverns
  Grum (D:8)
  35 yaks
  3 hungry ghosts (D:11)
  2 basilisks
  13 vampire mosquitoes
  15 wolves
  A mottled dragon (D:12)
  5 swamp worms (Swamp:1)
  Edmund (D:5)
  5 insubstantial wisps (Swamp:1)
  9 water moccasins
  24 soldier ants
  A wasp (Swamp:1)
  6 porcupines
  2 sky beasts
  7 ogres
  5 ice beasts
  A black bear (D:11)
  2 swamp drakes (Swamp:1)
  3 eyes of draining
  7 orc warriors
  2 phantoms
  13 centaurs
  15 crocodiles
  Blork the orc (D:5)
  4 big kobolds
  5 brain worms
  18 giant frogs
  A wyvern zombie (D:15)
  A scorpion (D:9)
  5 wights (D:7)
  8 killer bees
  An electric eel (Lair:6)
  2 jellies
  A wyvern simulacrum (D:15)
  6 crimson imps
  3 giant frog skeletons
  14 orc priests
  Terence (D:2)
  5 hounds
  10 orc wizards
  9 iguanas
  25 worker ants
  22 sheep
  A hound skeleton (D:10)
  A hound zombie (D:10)
  A worker ant zombie (D:9)
  6 gnolls
  48 river rats
  15 adders
  5 shadow imps
  2 oozes
  An adder zombie (D:8)
  2 adder skeletons (D:7)
  A worm (D:9)
  7 giant geckos
  85 orcs
  5 ball pythons
  7 bats
  2 giant cockroaches
  6 goblins
  10 hobgoblins
  7 jackals
  2 quokkas
  2 giant newts (D:1)
  18 kobolds
  2 quokka zombies
  5 rats
  10 fungi
  3 plants (Lair:3)
757 creatures vanquished.

Vanquished Creatures (collateral kills)
  A thorn hunter (Swamp:1)
  A hydra (Lair:7)
  4 death yaks (Lair:7)
  A swamp dragon (Swamp:1)
  2 griffons
  A black mamba (Lair:3)
  2 komodo dragons
  A bog body (Swamp:2)
  3 yaks (Lair:5)
  A swamp worm (Swamp:2)
  2 porcupines
  4 water moccasins
  A giant frog (Lair:3)
  An orc priest (D:10)
  6 river rats
  An orc (D:10)
32 creatures vanquished.

Vanquished Creatures (others)
  A hound (D:14)
  10 fungi
  9 plants
20 creatures vanquished.

Grand Total: 809 creatures vanquished

Notes
Turn   | Place    | Note
--------------------------------------------------------------
     0 | D:1      | Demise101 the Minotaur Berserker began the quest for the Orb.
     0 | D:1      | Reached XP level 1. HP: 19/19 MP: 0/0
   406 | D:1      | Reached skill level 4 in Axes
   449 | D:1      | Reached XP level 2. HP: 27/27 MP: 1/1
   910 | D:2      | Found a sparkling altar of Nemelex Xobeh.
  1128 | D:2      | Noticed Terence
  1132 | D:2      | Killed Terence
  1132 | D:2      | Reached ** piety under Trog
  1132 | D:2      | Reached skill level 5 in Axes
  1132 | D:2      | Reached XP level 3. HP: 24/33 MP: 2/2
  1466 | D:3      | Reached XP level 4. HP: 41/41 MP: 3/3
  1586 | D:3      | Found a faded altar to an unknown god.
  1703 | D:3      | Noticed an ice beast
  1709 | D:3      | Killed an ice beast
  1709 | D:3      | Reached skill level 5 in Fighting
  1709 | D:3      | Reached skill level 6 in Axes
  1709 | D:3      | Reached XP level 5. HP: 46/48 MP: 4/4
  1994 | D:3      | Noticed Sigmund
  2000 | D:3      | Reached *** piety under Trog
  2006 | D:3      | Killed Sigmund
  2006 | D:3      | Reached skill level 7 in Axes
  2006 | D:3      | Reached XP level 6. HP: 57/57 MP: 5/5
  2474 | D:4      | Found a staircase to the Ecumenical Temple.
  2522 | D:4      | Found a stormy altar of Qazlal.
  2524 | D:4      | Noticed a fire elemental
  2525 | D:4      | Noticed a water elemental
  2525 | D:4      | Noticed an air elemental
  2611 | D:4      | Reached skill level 8 in Axes
  2618 | D:4      | Reached XP level 7. HP: 63/63 MP: 6/6
  2816 | D:5      | Entered Level 5 of the Dungeon
  2820 | D:5      | Noticed Blork the orc
  2829 | D:5      | Killed Blork the orc
  3283 | D:5      | Noticed Edmund
  3286 | D:5      | Reached **** piety under Trog
  3295 | D:5      | Killed Edmund
  3295 | D:5      | Reached skill level 9 in Axes
  3358 | D:5      | Found a shattered altar of Ashenzari.
  3371 | D:5      | Reached XP level 8. HP: 65/71 MP: 7/7
  3818 | D:6      | Found a sacrificial altar of Ru.
  3818 | D:6      | Found a radiant altar of Vehumet.
  3848 | D:6      | Reached skill level 10 in Axes
  4008 | D:6      | Reached skill level 5 in Armour
  4075 | D:6      | Noticed a hill giant
  4081 | D:6      | Killed a hill giant
  4081 | D:6      | Reached skill level 11 in Axes
  4223 | D:6      | Reached XP level 9. HP: 80/80 MP: 8/8
  4326 | D:6      | Noticed a six-headed hydra
  4473 | D:7      | Found a deep blue altar of Sif Muna.
  4854 | D:7      | Reached skill level 12 in Axes
  5145 | D:8      | Noticed Erica
  5154 | D:8      | Killed Erica
  5430 | D:8      | Found a blossoming altar of Fedhas.
  5440 | D:8      | Noticed Grum
  5444 | D:8      | Reached XP level 10. HP: 91/91 MP: 9/9
  5444 | D:8      | Reached skill level 13 in Axes
  5452 | D:8      | Killed Grum
  5517 | D:8      | Reached ***** piety under Trog
  5934 | D:9      | Found Xyimash's Weapon Shop.
  6165 | D:9      | Received a gift from Trog
  6259 | D:9      | Found a glowing silver altar of Zin.
  6506 | D:10     | Entered Level 10 of the Dungeon
  6563 | D:10     | Reached skill level 14 in Axes
  6642 | D:10     | Noticed a hill giant
  6651 | D:10     | Killed a hill giant
  6716 | D:10     | Reached skill level 10 in Fighting
  6750 | D:10     | Noticed Erolcha
  6755 | D:10     | Killed Erolcha
  6943 | D:10     | Found a roughly hewn altar of Beogh.
  6943 | D:10     | Found a staircase to the Orcish Mines.
  6973 | D:10     | Reached skill level 15 in Axes
  6973 | D:10     | Reached XP level 11. HP: 100/100 MP: 10/10
  7534 | D:11     | Found a staircase to the Lair.
  7563 | D:11     | Got an ancient steel amulet
  7724 | D:11     | Noticed a hill giant
  7730 | D:11     | Killed a hill giant
  7730 | D:11     | Reached skill level 10 in Armour
  7737 | D:11     | Received a gift from Trog
  7792 | D:11     | Noticed Urug
  7807 | D:11     | Killed Urug
  8181 | D:11     | Reached skill level 16 in Axes
  8588 | Lair:1   | Entered Level 1 of the Lair of Beasts
  9093 | Lair:1   | Identified the amulet "Ogihog" {Ward rN+ MR+ Str+3} (You found it on level 11 of the Dungeon)
 10485 | Lair:3   | Received a gift from Trog
 10613 | Lair:3   | Reached XP level 12. HP: 74/110 MP: 11/11
 10715 | Lair:3   | Found a staircase to the Snake Pit.
 10830 | Lair:3   | Reached skill level 17 in Axes
 11516 | Lair:3   | Found a staircase to the Swamp.
 11948 | Lair:3   | Received a gift from Trog
 12099 | Lair:3   | Got a crystal broad axe {god gift}
 12105 | Lair:3   | Identified the +2 broad axe of Grace {vamp, +Inv rElec} (Trog gifted it to you on level 3 of the Lair of Beasts)
 12662 | Lair:4   | Found a glowing golden altar of the Shining One.
 12666 | Lair:4   | Reached skill level 18 in Axes
 13508 | Lair:5   | Reached XP level 13. HP: 100/119 MP: 12/12
 13548 | Lair:5   | Received a gift from Trog
 13846 | Lair:5   | Reached skill level 19 in Axes
 13864 | Lair:5   | Received a gift from Trog
 13957 | Lair:5   | Found a dark tunnel.
 15371 | Lair:7   | Received a gift from Trog
 15381 | Lair:7   | Reached skill level 5 in Dodging
 15734 | Lair:7   | Noticed Snorg
 15751 | Lair:7   | Killed Snorg
 16153 | Lair:7   | Noticed Nessos
 16160 | Lair:7   | Killed Nessos
 16185 | Lair:7   | Found a staircase to the Slime Pits.
 16185 | Lair:7   | Found a viscous altar of Jiyva.
 16376 | Lair:7   | Received a gift from Trog
 16610 | Lair:8   | Entered Level 8 of the Lair of Beasts
 16693 | Lair:8   | Reached XP level 14. HP: 115/130 MP: 13/13
 16718 | Lair:8   | Reached skill level 20 in Axes
 18311 | D:13     | Noticed Frances
 18323 | D:13     | Killed Frances
 18661 | D:13     | Received a gift from Trog
 19828 | D:14     | Reached skill level 21 in Axes
 19842 | D:14     | Noticed a fire giant
 19844 | D:14     | Reached XP level 15. HP: 103/139 MP: 14/14
 20354 | D:14     | Received a gift from Trog
 20483 | D:14     | Reached skill level 15 in Fighting
 20680 | D:14     | Found a gate to the Vaults.
 20708 | D:15     | Entered Level 15 of the Dungeon
 21112 | D:15     | Received a gift from Trog
 21184 | D:15     | Found a staircase to the Depths.
 21865 | Swamp:1  | Entered Level 1 of the Swamp
 21922 | Swamp:1  | Noticed a thorn hunter
 21930 | Swamp:1  | Killed a thorn hunter
 22231 | Swamp:1  | Identified Sif Muna's Collected Works on Poisonous Damage Dealing
 22590 | Swamp:2  | Noticed Jorgrun
 22601 | Swamp:2  | Killed from afar by Jorgrun

Vault maps used:
D:1:      mrwooster_arrival_arrow
D:2:      lemuel_crystal_altar, kennysheep_generic_room_3, uniq_terence
D:3:      wad_river_or_something, ecumenical_altar_1, uniq_sigmund
D:4:      minmay_temple_entry_metal_lava, nicolae_qazlal_style_of_elements
D:5:      cheibrodos_ashenzari_chains, first_bread,
          hangedman_decor_clover_reticule, uniq_blork_the_orc, uniq_edmund
D:6:      corexii_shack_village, gammafunk_temple_overflow_elements, st_stairs_1
D:7:      kennysheep_mini_moat, kennysheep_generic_room_9
D:8:      fedhas_altar_2, uniq_grum, uniq_erica
D:9:      lemuel_crystal_altar, serial_shops, shop, minmay_gold_behind_fungi,
          hangedman_pestilent_swarm
D:10:     david_orc_5, uniq_erolcha
D:11:     lair_0_dummy, serial_park_tiny_pond, uniq_urug
D:13:     uniq_frances
D:14:     minmay_containers, hangedman_vaults_entry_quadrant_bands,
          minmay_door_square, minmay_brain_eaters
D:15:     grunt_enter_depths_magical_seal, hangedman_abyss_or_decor_lesser_grid
Lair:1:   lemuel_fruit_fields
Lair:2:   serial_bayou_shore_b, lemuel_fruit_tree, grunt_megastairs_2
Lair:3:   minmay_swamp_entry_worms, minmay_snake_entry_six_corridors
Lair:4:   basic_altar
Lair:5:   enter_volcano_1, minivault_29
Lair:6:   nicolae_quartered_pool_little, lemuel_fruit_fields
Lair:7:   slime_altar_1, uniq_nessos, uniq_snorg
Lair:8:   evil_forest, infiniplex_staircase_pool_2
Swamp:1:  evilmike_swamp_ruin_house_4
Swamp:2:  evilmike_swamp_ruin_house_1, swamp_pool2, nicolae_swamp_spriggan_camp,
          uniq_aizul, uniq_jorgrun

Action                   |  1- 3 |  4- 6 |  7- 9 | 10-12 | 13-15 || total
-------------------------+-------+-------+-------+-------+-------++-------
Melee: Hand axe          |    54 |    82 |   199 |   468 |       ||   803
       Executioner's axe |       |       |       |     5 |   499 ||   504
       Broad axe         |       |       |       |   153 |   343 ||   496
Invok: Berserk           |     1 |     1 |     3 |     2 |     8 ||    15
       Trog's Hand       |       |       |     3 |     9 |    12 ||    24
       Brothers in Arms  |       |       |     2 |     4 |    10 ||    16
       Burn Spellbooks   |       |       |       |       |     1 ||     1
  Use: Scroll            |       |       |     3 |    30 |    11 ||    44
       Potion            |       |       |       |     3 |     3 ||     6
 Stab: Sleeping          |     1 |       |       |       |       ||     1
       Petrifying        |       |       |       |       |     1 ||     1
  Eat: Chunk             |     2 |     5 |    12 |    19 |     8 ||    46
       Bread ration      |       |       |       |     5 |     8 ||    13
       Pizza             |       |       |       |     5 |       ||     5
       Beef jerky        |       |       |       |     1 |       ||     1
